Map: Base du roi Sejong EC

Players

Worming - Winner!

  • Race: Zerg Zerg
  • League: Diamond

yondai

  • Race: Protoss Protoss
  • League: Diamond

VOD

Have the link to the VOD?

Description

Time

  • Played on: Oct. 14, 2016, 2:28 p.m.
  • Length: 13:33
Show
View Real Time Build Order
Export as new Build Order

Worming Zerg - Winner!

Build Orders: Hatch First 

Get SALT Encoding   

  12  0:01  Drone  
  13  0:12  Overlord  
  13  0:17  Drone  
  14  0:30  Drone x2  
  16  0:35  Drone  
  17  0:52  Hatchery  
  17  0:55  Drone  
  17  0:58  Drone  
  18  1:12  Spawning Pool  
  18  1:18  Drone x2  
  19  1:28  Drone, Extractor  
  19  1:42  Overlord  
  19  1:53  Drone  
  20  2:00  Queen  
  22  2:04  Zergling x2  
  22  2:05  Queen  
  22  2:07  Drone  
  26  2:16  Drone  
  26  2:22  Drone x2  
  29  2:28  Metabolic Boost  
  29  2:33  Drone x2  
  29  2:36  Queen  
  33  2:39  Overlord  
  33  3:02  Hatchery  
  32  3:06  Roach Warren  
  32  3:11  Drone x5  
  36  3:13  Overlord  
  36  3:18  Extractor  
  36  3:19  Drone  
  36  3:20  Drone  
  36  3:23  Drone  
  38  3:36  Overlord x2  
  38  3:46  Zergling x2  
  38  3:47  Zergling x10  
  44  3:52  Drone x3  
  44  3:53  Drone  
  48  3:59  Pneumatized Carapace  
  48  4:02  Spore Crawler  
  47  4:03  Spore Crawler  
  46  4:11  Spore Crawler  
  45  4:21  Drone x5  
  45  4:22  Drone x2  
  49  4:40  Drone x8  
  57  4:46  Lair  
  57  4:50  Evolution Chamber  
  56  4:55  Drone  
  56  4:56  Drone x3  
  56  4:58  Overlord  
  60  5:00  Overlord  
  59  5:16  Queen  
  59  5:17  Extractor  
  59  5:18  Drone x3  
  59  5:19  Spore Crawler  
  59  5:20  Zerg Missile Weapons Level 1  
  62  5:23  Overlord x2  
  62  5:24  Roach x2  
  66  5:29  Drone x3  
  66  5:31  Drone x3, Extractor  
  71  5:37  Overlord  
  71  5:45  Roach x5  
  71  5:46  Roach  
  83  5:50  Overlord  
  83  5:51  Overlord  
  83  5:53  Roach  
  83  5:54  Roach  
  87  6:00  Roach x3  
  87  6:02  Roach  
  95  6:07  Queen  
  97  6:39  Glial Reconstitution  
  97  6:43  Ravager x7  
  104  6:55  Drone x2  
  104  6:56  Drone x8  
  104  6:59  Extractor  
  104  7:00  Extractor  
  112  7:08  Roach  
  102  7:39  Zerg Missile Weapons Level 2  
  102  7:42  Hydralisk Den  
  101  7:48  Zergling x2, Roach x8  
  101  7:49  Zergling x4  
  101  7:50  Overlord x6  
  114  7:57  Zergling x8  
  106  7:59  Queen x2  
  106  8:00  Hatchery  
  109  8:11  Muscular Augments, Hydralisk x7  
  109  8:12  Zergling x4  
  125  8:15  Ravager  
  125  8:16  Ravager  
  127  8:30  Hydralisk x5  
  127  8:31  Zergling x6  
  140  8:38  Overseer  
  140  8:44  Infestation Pit  
  136  9:07  Hydralisk  
  136  9:08  Zergling x2, Roach x3, Hydralisk x3  
  136  9:09  Zergling x18  
  160  9:19  Extractor  
  160  9:21  Drone x4, Extractor  
  160  9:22  Drone x2  
  136  9:44  Roach x5, Hydralisk x6  
  136  9:45  Zergling x4  
  141  9:55  Drone x2  
  141  9:56  Drone  
  144  10:08  Hive, Zerg Ground Armor Level 1  
  144  10:10  Roach x7  
  158  10:17  Hatchery  
  158  10:19  Zergling x6  
  158  10:21  Overlord x4  
  160  10:22  Overlord  
  160  10:40  Lurker Den  
  160  10:47  Drone x6  
  166  10:53  Pathogen Glands  
  166  10:55  Hydralisk x6  
  166  10:56  Roach x2  
  166  10:57  Roach x8  
  198  11:01  Ravager  
  198  11:02  Ravager  
  146  11:47  Roach x10, Hydralisk x9  
  172  12:11  Hydralisk x4  
  172  12:12  Roach x9  
  198  12:28  Spore Crawler, Extractor  
  196  12:31  Roach  
  196  12:32  Roach  
Show
View Real Time Build Order
Export as new Build Order

yondai Protoss 

Build Orders: 1 Gate Expand, Phoenix Opening 

Get SALT Encoding   

  12  0:00  Probe (Chrono Boost)  
  13  0:11  Probe (Chrono Boost)  
  14  0:18  Pylon  
  14  0:23  Probe (Chrono Boost)  
  15  0:36  Probe (Chrono Boost)  
  15  0:40  Gateway  
  16  0:47  Probe (Chrono Boost)  
  16  0:48  Assimilator  
  17  0:57  Probe (Chrono Boost)  
  18  1:08  Probe (Chrono Boost)  
  19  1:22  Nexus  
  19  1:25  Probe (Chrono Boost)  
  20  1:40  Cybernetics Core  
  20  1:43  Pylon  
  20  1:47  Probe (Chrono Boost)  
  21  1:58  Probe (Chrono Boost)  
  21  1:59  Assimilator  
  22  2:05  Warp Gate  
  23  2:08  Probe (Chrono Boost)  
  23  2:15  Pylon  
  23  2:16  Adept  
  25  2:27  Probe (Chrono Boost)  
  26  2:36  Mothership Core (Chrono Boost)  
  28  2:39  Probe (Chrono Boost)  
  30  2:51  Probe (Chrono Boost)  
  30  2:55  Stargate  
  30  2:58  Probe (Chrono Boost)  
  31  3:02  Adept  
  31  3:03  Probe (Chrono Boost)  
  34  3:08  Probe (Chrono Boost)  
  35  3:15  Probe (Chrono Boost)  
  35  3:19  Probe (Chrono Boost)  
  37  3:24  Gateway  
  37  3:25  Gateway  
  38  3:27  Probe (Chrono Boost)  
  38  3:29  Probe (Chrono Boost)  
  39  3:38  Phoenix  
  39  3:39  Probe (Chrono Boost)  
  40  3:44  Probe (Chrono Boost)  
  45  3:55  Probe (Chrono Boost)  
  45  3:56  Robotics Facility  
  45  3:57  Probe (Chrono Boost)  
  45  4:00  Phoenix  
  45  4:06  Probe (Chrono Boost)  
  48  4:11  Adept, Pylon  
  48  4:12  Probe (Chrono Boost)  
  51  4:22  Adept  
  53  4:32  Adept, Phoenix  
  53  4:33  Adept  
  59  4:43  Warp Prism  
  62  4:46  Probe (Chrono Boost)  
  62  5:11  Assimilator  
  62  5:14  Nexus, Pylon  
  62  5:15  Assimilator, Pylon  
  62  5:17  Pylon  
  62  5:25  Robotics Bay  
  62  5:28  Phoenix, Pylon  
  62  5:32  Probe (Chrono Boost)  
  62  5:34  Probe (Chrono Boost)  
  66  5:37  Adept x2  
  66  5:40  Adept  
  73  5:43  Probe (Chrono Boost)  
  73  5:46  Probe (Chrono Boost)  
  74  5:53  Probe (Chrono Boost)  
  76  5:57  Pylon  
  76  5:58  Probe (Chrono Boost)  
  76  6:00  Forge  
  76  6:02  Phoenix  
  76  6:04  Probe (Chrono Boost)  
  69  6:35  Disruptor  
  69  6:36  Stalker x3  
  69  6:39  Void Ray  
  76  6:47  Probe (Chrono Boost)  
  82  6:48  Probe (Chrono Boost)  
  82  6:51  Probe (Chrono Boost)  
  83  6:55  Gateway  
  83  6:57  Gateway, Probe (Chrono Boost), Twilight Council  
  84  7:02  Gateway  
  84  7:03  Gateway  
  84  7:05  Pylon  
  82  7:48  Disruptor  
  82  7:51  Stalker x3  
  88  7:55  Blink  
  88  7:56  Probe (Chrono Boost)  
  88  7:57  Probe (Chrono Boost)  
  93  7:59  Probe (Chrono Boost)  
  93  8:04  Pylon  
  94  8:06  Forge  
  94  8:07  Probe (Chrono Boost)  
  94  8:09  Pylon x2  
  94  8:10  Probe x2 (Chrono Boost)  
  97  8:17  Probe (Chrono Boost)  
  97  8:19  Stalker x2  
  102  8:20  Probe (Chrono Boost), Pylon, Stalker  
  102  8:21  Stalker  
  102  8:22  Probe (Chrono Boost), Pylon  
  102  8:24  Void Ray, Disruptor  
  102  8:27  Pylon  
  112  8:28  Probe (Chrono Boost)  
  112  8:30  Pylon  
  112  8:31  Probe (Chrono Boost)  
  117  8:34  Assimilator  
  117  8:36  Probe (Chrono Boost)  
  117  8:38  Probe (Chrono Boost), Assimilator  
  119  8:51  Probe x2 (Chrono Boost)  
  119  8:52  Probe (Chrono Boost)  
  122  8:57  Observer  
  123  9:05  Stalker  
  123  9:06  Probe (Chrono Boost), Stalker x3  
  123  9:07  Stalker x2  
  136  9:13  Photon Cannon, Disruptor  
  136  9:15  Photon Cannon  
  123  9:44  Disruptor  
  119  9:51  Stalker x5  
  119  9:52  Stalker x2  
  136  9:53  Probe x2 (Chrono Boost)  
  136  9:54  Probe (Chrono Boost)  
  136  9:55  Protoss Ground Weapons Level 1  
  139  10:01  Gateway  
  139  10:04  Gateway  
  139  10:05  Probe (Chrono Boost)  
  139  10:06  Resonating Glaives, Pylon  
  140  10:07  Pylon  
  140  10:09  Photon Cannon  
  140  10:12  Photon Cannon  
  140  10:15  Disruptor, Stalker x3  
  140  10:16  Stalker  
  147  10:47  Stalker, Disruptor  
  147  10:48  Stalker x5  
  147  10:49  Stalker  
  161  10:50  Pylon  
  161  10:57  Pylon  
  104  12:11  Disruptor, Stalker x6  
  104  12:12  Stalker x3  
  118  12:21  Templar Archives  
  121  12:31  Void Ray  
  124  12:40  Stalker  
  124  12:41  Stalker x4  
  124  12:42  Stalker x4  
  143  12:53  Disruptor  
  91  13:27  Adept  
  91  13:28  Adept x6  
Tags
 
Add a new tag
Caveats
  • Supply blocks, unpowered buildings, or Contaminate may cause inaccurate times.
  • Supply counts are checked every 10 seconds.